[Event "*** Titled Tuesday Blitz"]
[Site "Chess.com"]
[Date "2020.02.04"]
[Round "1"]
[White "manmanlai1"]
[Black "Tash_Boy"]
[Result "0-1"]
[WhiteElo "2286"]
[BlackElo "2676"]
[TimeControl "180+2"]
[EndTime "9:07:01 PST"]
[Termination "Tash_Boy won on time"]

1. e4 c5 2. Nf3 d6 3. Bb5+ Nd7 4. d4 cxd4 5. Qxd4 a6 6. Bxd7+ Bxd7 7. O-O h6 8. c4 Nf6 9. Nc3 Bg4 10. Qd3 Rc8 11.
b3 e6 12. Bb2 Be7 13. Rfe1 O-O 14. Nd4 Qc7 15. Kh1 Rfd8 16. Rac1 Nd7 17. Qg3 Nf6 18. f3 Bh5 19. Nf5 Bg6 20. Nxe7+ Qxe7 21. Red1 d5 22. exd5 exd5 23. cxd5 Nh5 24. Qf2 Nf4 25. Qd4 Qg5 26. Qd2 Nd3 27. Qxg5 hxg5 0-1

[Event "*** Titled Tuesday Blitz"]
[Site "Chess.com"]
[Date "2020.02.04"]
[Round "1"]
[White "GMMatamoros"]
[Black "vinniethepooh"]
[Result "0-1"]
[WhiteElo "2420"]
[BlackElo "2801"]
[TimeControl "180+2"]
[EndTime "9:07:14 PST"]
[Termination "vinniethepooh won by resignation"]

1. Nf3 d5 2. g3 c6 3. Bg2 Bg4 4. d4 Nf6 5. c4 e6 6. O-O Nbd7 7.
h3 Bf5 8. Nc3 h6 9. Qb3 Qc8 10.
Bf4 a5 11. cxd5 exd5 12. Rac1 Be7 13. Ne5 Be6 14. Nxd7 Qxd7 15. Na4 Ra6 16. g4 O-O 17.
Nc5 Bxc5 18. dxc5 Re8 19. Rfd1 Qc8 20. Qg3 Ne4 21. Bxe4 dxe4 22. g5 hxg5 23. Bxg5 Bxh3 24. Kh2 Qg4 25. Qxh3 Qxg5 26. Rd7 Qxc1 0-1

[Event "*** Titled Tuesday Blitz"]
[Site "Chess.com"]
[Date "2020.02.04"]
[Round "1"]
[White "WeAintSurePal"]
[Black "hanzo_hasashi1"]
[Result "0-1"]
[WhiteElo "2434"]
[BlackElo "2826"]
[TimeControl "180+2"]
[EndTime "9:07:18 PST"]
[Termination "hanzo_hasashi1 won by resignation"]

1. d4 Nf6 2. Nc3 d5 3. Bf4 a6 4. e3 Bf5 5. Nf3 e6 6. Bd3 Bxd3 7.
cxd3 Bd6 8. Bg3 O-O 9. Qb3 Ra7 10.
Rc1 Bxg3 11. hxg3 Nbd7 12. Ne5 c5 13. Nxd7 Nxd7 14. dxc5 Nxc5 15. Qc2 Nd7 16. d4 g6 17. a3 b5 18. Qe2 Rc7 19. Qg4 Qf6 20. Ke2 Rfc8 21. Qf4 Qxf4 22. gxf4 Nb6 23. Na2 Rc2+ 24. Kf3 Rxb2 25. Rxc8+ Nxc8 26. Nb4 a5 27. Nc6 Rb3 28.
Rc1 Rxa3 29. Nxa5 Nd6 30. Nc6 h5 31. Rb1 Ra2 32. Nb4 Rd2 33. Rb3 Ne4 34. Nd3 Rxf2+ 35. Nxf2 Nd2+ 36. Ke2 Nxb3 37. Kd3 b4 38. g4 h4 39. e4 Na5 40. exd5 exd5 41. g5 Kf8 42. Ng4 h3 43. Nh2 Nc4 44. Nf3 b3 45. Nh2 b2 46.
Kc2 Ke7 47. f5 gxf5 0-1

[Event "*** Titled Tuesday Blitz"]
[Site "Chess.com"]
[Date "2020.02.04"]
[Round "1"]
[White "Everyfishknows"]
[Black "Nikolakis2014"]
[Result "0-1"]
[WhiteElo "2324"]
[BlackElo "2704"]
[TimeControl "180+2"]
[EndTime "9:07:21 PST"]
[Termination "Nikolakis2014 won on time"]

1. Nf3 Nf6 2. c4 e6 3. g3 d5 4. b3 Be7 5. Bg2 O-O 6. O-O c5 7. e3 Nc6 8. Bb2 b6 9. Nc3 Bb7 10.
cxd5 exd5 11. d4 Re8 12. Qd2 Ne4 13. Qd1 Bf6 14. Rc1 Ba6 15. Re1 Nb4 16. Bf1 Bxf1 17.
Kxf1 Nxc3 18. Rxc3 Nxa2 19. Rc2 Nb4 20. Rc1 Qd7 21.
Kg2 Rac8 22. Qd2 Qf5 23. Red1 h6 24. dxc5 Bxb2 25. Qxb2 bxc5 26. Qe2 d4 27. Qd2 dxe3 28. fxe3 Qe4 29. Kf2 Rc6 30. Rc4 Qe7 31. Re1 Rf6 32. Kg2 Rd8 33. Qc3 Nd3 34. Rf1 Qxe3 0-1

[Event "*** Titled Tuesday Blitz"]
[Site "Chess.com"]
[Date "2020.02.04"]
[Round "1"]
[White "RaunakSadhwani2005"]
[Black "Rap_woyska"]
[Result "1-0"]
[WhiteElo "2743"]
[BlackElo "2389"]
[TimeControl "180+2"]
[EndTime "9:07:23 PST"]
[Termination "RaunakSadhwani2005 won by checkmate"]

1. c4 e5 2. Nc3 Bb4 3. Nd5 Bc5 4. e3 Nf6 5. Nf3 e4 6. Ng5 Nxd5 7. Nxe4 Nxe3 8.
dxe3 Bb4+ 9. Bd2 Qe7 10. Nc3 O-O 11. Bd3 c6 12. O-O d6 13. Qa4 Bc5 14. Qc2 h6 15. Na4 Nd7 16. Rfd1 Bb6 17. Nxb6 axb6 18. Bc3 Ne5 19.
Be2 Rd8 20. b3 Nd7 21. Qb2 f6 22. b4 Ne5 23. Bd4 Qc7 24. f4 Nd7 25. Bd3 Nf8 26.
a4 Bg4 27. Rd2 Re8 28. h3 Be6 29. g4 Bf7 30. Rg2 Bg6 31. f5 Bf7 32. g5 hxg5 33.
h4 Nh7 34. hxg5 Nxg5 35. Bxf6 gxf6 36. Qxf6 Qe7 37. Rxg5+ Kh7 38. Qg7# 1-0

[Event "*** Titled Tuesday Blitz"]
[Site "Chess.com"]
[Date "2020.02.04"]
[Round "1"]
[White "marabu44"]
[Black "Kimster98"]
[Result "0-1"]
[WhiteElo "2326"]
[BlackElo "2707"]
[TimeControl "180+2"]
[EndTime "9:07:25 PST"]
[Termination "Kimster98 won by resignation"]

1. Nf3 Nf6 2. d4 b6 3. g3 Bb7 4. Bg2 e6 5. O-O Be7 6. b3 O-O 7. Bb2 d5 8. Ne5 Nbd7 9. Nxd7 Qxd7 10. Nd2 c5 11. e3 cxd4 12. Bxd4 Rfd8 13. Nf3 Ne4 14.
Ne5 Qc7 15. Qh5 Bf6 16. Bxe4 dxe4 17. c4 g6 18. Ng4 gxh5 19. Nxf6+ Kf8 20. Nxh7+ Ke7 21.
Bf6+ Ke8 22. Rad1 Rd3 23. Bg5 f5 24. Nf6+ Kf7 25. Nxh5 e5 26. h4 Kg6 27. Nf6 Rf8 28.
Nd5 Bxd5 29. cxd5 Rxd1 30. Rxd1 Qc2 31. Rf1 Qd2 32. Be7 Re8 33. d6 Kf7 34. Kg2 Qxa2 35.
Rc1 Rxe7 36. dxe7 Kxe7 37. Rc7+ Kd6 38. Rg7 f4 39. gxf4 exf4 40. Rg6+ Ke7 41. Rg7+ Kf6 42. Rg4 fxe3 43. Rf4+ Ke5 44. Kg3 exf2 45. Rxf2 Qxb3+ 46. Kg4 Qg8+ 47. Kh3 e3 0-1

[Event "*** Titled Tuesday Blitz"]
[Site "Chess.com"]
[Date "2020.02.04"]
[Round "1"]
[White "gmcorrales"]
[Black "Philosopherrr"]
[Result "1-0"]
[WhiteElo "2833"]
[BlackElo "2447"]
[TimeControl "180+2"]
[EndTime "9:07:30 PST"]
[Termination "gmcorrales won by resignation"]

1. e4 e5 2. Nf3 Nc6 3. d4 exd4 4. Nxd4 Qf6 5. Nb5 Bc5 6. Qe2 Nd4 7. Nxc7+ Kd8 8.
Qc4 Qe5 9. Nxa8 Qxe4+ 10. Kd1 b6 11. Be3 Ba6 12. Nd2 Qg4+ 13. f3 Bxc4 14. fxg4 Bd5 15.
b4 Nxc2 16. Bxc5 Nxa1 17. Bd4 f6 18. Nxb6 axb6 19. Bxa1 Bxa2 20. Bc4 Bxc4 21. Nxc4 Ne7 22. Nxb6 Nc6 23. Bc3 Kc7 24. Nc4 d5 25. Na5 Na7 26. Kd2 Nb5 27. Rc1 Kd6 28. Bb2 Re8 29. Rc6+ Kd7 30.
Rc5 Nd6 31. Rxd5 Ke6 32. Rd4 Rc8 33. h3 Nb5 34. Rd3 1-0

[Event "*** Titled Tuesday Blitz"]
[Site "Chess.com"]
[Date "2020.02.04"]
[Round "1"]
[White "Abund"]
[Black "NemtsevIgor"]
[Result "1-0"]
[WhiteElo "2767"]
[BlackElo "2404"]
[TimeControl "180+2"]
[EndTime "9:07:33 PST"]
[Termination "Abund won on time"]

1. e4 c6 2. d4 d5 3. exd5 cxd5 4. Bd3 Nc6 5. c3 Nf6 6. Nf3 Bg4 7. h3 Bh5 8. O-O e6 9. Bf4 Bd6 10. Bxd6 Qxd6 11. Nbd2 O-O 12. Re1 Qc7 13. Nf1 Bg6 14. Ng3 Bxd3 15. Qxd3 Rab8 16. Rec1 b5 17. b4 a5 18. a4 bxa4 19. b5 Na7 20. c4 dxc4 21.
Rxc4 Qd8 22. Rc5 Nd5 23. Rxa4 Nb6 24. Rxa5 Nd7 25. Rh5 g6 26. Rxa7 gxh5 27. Nxh5 Nb6 28. Qe3 Kh8 29. Qh6 Rg8 30. Rxf7 1-0

[Event "*** Titled Tuesday Blitz"]
[Site "Chess.com"]
[Date "2020.02.04"]
[Round "1"]
[White "SlavenPastar"]
[Black "MITerryble"]
[Result "0-1"]
[WhiteElo "2506"]
[BlackElo "2934"]
[TimeControl "180+2"]
[EndTime "9:07:36 PST"]
[Termination "MITerryble won by resignation"]

1. d4 e6 2. c4 Bb4+ 3. Nc3 c5 4. e3 Bxc3+ 5. bxc3 Qa5 6. Qc2 Nf6 7. Bd3 Nc6 8. Ne2 d6 9. O-O O-O 10. Rb1 b6 11. Ng3 h6 12. Ne4 Nxe4 13. Bxe4 Bb7 14. Qe2 Rab8 15. Rb3 Qa6 16. Bd3 Na5 17. Ra3 Ba8 18. f4 Qb7 19. f5 exf5 20. Bxf5 Rbe8 21.
Bd2 Qe7 22. d5 Bb7 23. Bd3 Bc8 24. e4 f5 25. Re1 fxe4 26. Bxe4 Bf5 27. Bf3 Qf7 28.
Qf1 Rxe1 29. Bxe1 Be4 30. Bg3 Bxf3 31. gxf3 Qxf3 32. Qxf3 Rxf3 33. Bxd6 Nxc4 34. Rxa7 Nxd6 35. Rd7 Nc4 36. Rd8+ Kh7 37. d6 Rxc3 38. d7 Rd3 39. Kf2 Ne5 40. Ke2 Rxd7 41. Rb8 Nc4 42. a4 Rd2+ 43. Kf3 Rxh2 44. Ke4 Ra2 45. Kd5 Rxa4 0-1

[Event "*** Titled Tuesday Blitz"]
[Site "Chess.com"]
[Date "2020.02.04"]
[Round "1"]
[White "Lagravesamuell"]
[Black "tan275"]
[Result "1-0"]
[WhiteElo "2586"]
[BlackElo "2140"]
[TimeControl "180+2"]
[EndTime "9:07:36 PST"]
[Termination "Lagravesamuell won by resignation"]

1. d4 Nf6 2. c4 e6 3. g3 d5 4. Bg2 Bb4+ 5. Bd2 Bxd2+ 6. Qxd2 O-O 7. Nf3 dxc4 8. Ne5 c5 9. dxc5 Qc7 10. Qd6 Qa5+ 11. Nd2 Na6 12. c6 bxc6 13. Nxc4 Qb4 14. Qxc6 Rb8 15. a3 Qe7 16. O-O Bb7 17. Qa4 Bxg2 18. Kxg2 Nc5 19. Qc2 Rfc8 20. b4 Qb7+ 21. f3 Ncd7 22. Rac1 Nb6 23. Qb3 Nxc4 24. Nxc4 Qa6 25.
Rfd1 Nd5 26. e4 Rxc4 27. exd5 Rxc1 28. Rxc1 Qe2+ 29. Kh3 Qxf3 30. Qxf3 1-0

[Event "*** Titled Tuesday Blitz"]
[Site "Chess.com"]
[Date "2020.02.04"]
[Round "1"]
[White "kesarev"]
[Black "sergoy"]
[Result "0-1"]
[WhiteElo "2482"]
[BlackElo "2872"]
[TimeControl "180+2"]
[EndTime "9:07:41 PST"]
[Termination "sergoy won by resignation"]

1. Nf3 Nf6 2. c4 c6 3. b3 d5 4. Bb2 g6 5. e3 Bg7 6. d4 O-O 7.
Nbd2 a5 8. a3 Bf5 9. Nh4 Be6 10.
Bd3 Nbd7 11. O-O Ne8 12. Qc2 Nd6 13. c5 Nb5 14. a4 Nc7 15. Bc3 Na6 16. f4 f5 17. Nhf3 Kh8 18. Nb1 b6 19. cxb6 Qxb6 20. Nbd2 Rfc8 21. Rfc1 Nb4 22. Bxb4 axb4 23. Ne5 Nxe5 24.
fxe5 Ra5 25. Nf3 c5 26. Bb5 c4 27. Ng5 Bg8 28. bxc4 dxc4 29. Qb2 b3 30. Rc3 Rca8 31.
Rac1 Rxb5 32. axb5 Ra2 33. Qb1 h6 34. Nf3 Qxb5 35. Rf1 Bd5 36. Nh4 Qc6 37. Rf2 Rxf2 38. Kxf2 Be4 39. Qa1 Kh7 40. Nf3 Qb5 41. Qb2 Bd5 42.
Nd2 e6 43. Qc1 Qb4 44. Nb1 Bf8 45. Qd1 Qa5 46. Rc1 Bb4 47. Qe2 Qa2 48. Nc3 Bxc3 49. Rxc3 Qxe2+ 50. Kxe2 b2 0-1

[Event "*** Titled Tuesday Blitz"]
[Site "Chess.com"]
[Date "2020.02.04"]
[Round "1"]
[White "StockholmMissile"]
[Black "SantoBlue"]
[Result "0-1"]
[WhiteElo "2451"]
[BlackElo "2834"]
[TimeControl "180+2"]
[EndTime "9:07:45 PST"]
[Termination "SantoBlue won by resignation"]

1. Nf3 Nf6 2. c4 g6 3. Nc3 Bg7 4. d4 O-O 5. e4 d6 6. Be2 e5 7.
d5 Na6 8. Bg5 Nc5 9. Nd2 a5 10.
O-O h6 11. Bh4 Bd7 12. b3 Qe8 13. a3 Nh7 14. b4 axb4 15. axb4 Na6 16. Rb1 c5 17.
bxc5 Nxc5 18. f3 f5 19. Nb3 Nxb3 20. Qxb3 g5 21. Bf2 g4 22. c5 gxf3 23. Bxf3 Ng5 24.
c6 bxc6 25. dxc6+ Be6 26. Qd1 Nxf3+ 27. Qxf3 Qg6 28. Nd5 Rf7 29. exf5 Bxf5 30. Rb7 Raf8 31. Qg3 Qe6 32. Ne3 Be4 33. Rxf7 Rxf7 34. Rc1 Rc7 35. Qh4 Rxc6 36. Rxc6 Bxc6 37. Qd8+ Kh7 38. h3 d5 39. Qc7 d4 40. Nf5 Qxf5 41. Qxc6 e4 0-1

[Event "*** Titled Tuesday Blitz"]
[Site "Chess.com"]
[Date "2020.02.04"]
[Round "1"]
[White "Nathan_Filgueiras"]
[Black "GukeshDommaraju"]
[Result "0-1"]
[WhiteElo "2265"]
[BlackElo "2641"]
[TimeControl "180+2"]
[EndTime "9:07:49 PST"]
[Termination "GukeshDommaraju won by resignation"]

1. e4 c5 2. Nf3 Nc6 3. d4 cxd4 4.
Nxd4 Nf6 5. Nc3 e5 6. Ndb5 d6 7. Bg5 a6 8. Na3 b5 9. Nd5 Be7 10. Bxf6 Bxf6 11. c3 Bg5 12. Nc2 Rb8 13. a4 bxa4 14. Ncb4 Nxb4 15. Nxb4 Bd7 16. Bxa6 Qa5 17. Qxd6 Rb6 18. Qd5 Rxa6 19. Nxa6 Qxa6 20. Qxe5+ Be7 21. Qxg7 Bf6 22. Qg3 Qc4 23. O-O-O a3 24. e5 a2 25. Kd2 Qd5+ 26. Qd3 Bg5+ 27. Ke2 Bb5 0-1

[Event "*** Titled Tuesday Blitz"]
[Site "Chess.com"]
[Date "2020.02.04"]
[Round "1"]
[White "Saitama_Hero"]
[Black "kleinebeer98"]
[Result "0-1"]
[WhiteElo "2269"]
[BlackElo "2663"]
[TimeControl "180+2"]
[EndTime "9:08:02 PST"]
[Termination "kleinebeer98 won on time"]

1. d4 d5 2. c4 Nc6 3. cxd5 Qxd5 4. e3 e5 5. Nc3 Bb4 6. Bd2 Bxc3 7. bxc3 Nf6 8. c4 Qd6 9. d5 Ne7 10. Rb1 O-O 11. Ne2 a5 12. Nc3 c6 13. e4 Rd8 14.
Be3 Ng4 15. Bb6 Rf8 16. Be2 f5 17. exf5 Nf6 18. c5 Qd7 19. dxc6 Qxc6 20. O-O Bxf5 21. Bb5 Qe6 22. Rc1 Kh8 23. Re1 Ng6 24. Bc7 Ng4 25.
Nd5 Nxf2 26. Qb3 Ng4 27. Bd6 e4 28. Bxf8 Rxf8 29. Rf1 Rd8 30. Rcd1 Qe5 31. g3 h5 32. Be2 h4 33. Ne3 Rxd1 34. Rxd1 Nf6 35. Nxf5 Qxf5 36.
Qe3 h3 37. Rf1 Qe5 38. g4 Nh4 39. g5 Nd5 40. Qxh3 Qxg5+ 41. Kh1 Nf4 42. Qc8+ Kh7 43. Rg1 Qd5 44. Rd1 Qxa2 45. Qg4 Nhg6 46. Bf1 e3 47. Re1 Qf2 48. Rc1 e2 0-1

[Event "*** Titled Tuesday Blitz"]
[Site "Chess.com"]
[Date "2020.02.04"]
[Round "1"]
[White "masrahi"]
[Black "arminmusovic"]
[Result "0-1"]
[WhiteElo "2102"]
[BlackElo "2563"]
[TimeControl "180+2"]
[EndTime "9:08:03 PST"]
[Termination "arminmusovic won by resignation"]

1. c4 e5 2. g3 Nf6 3. Bg2 c6 4. Nc3 d5 5. Nf3 d4 6. Nb1 Nbd7 7. d3 Bb4+ 8. Nbd2 O-O 9. O-O Re8 10. a3 Ba5 11. b4 Bc7 12. c5 Nd5 13. Bb2 Nf8 14.
Nc4 Bg4 15. Qd2 h6 16. e4 Nf6 17. h3 Bh5 18. Nh4 Ne6 19. Nf5 Bg6 20. Nfd6 Bxd6 21. Nxd6 Re7 22. f4 exf4 23. gxf4 b6 24. f5 bxc5 25.
bxc5 Nxc5 26. e5 Rxe5 27. fxg6 Qxd6 28. gxf7+ Kxf7 29. Qf4 Rd8 30. Rad1 Re2 31. Rf3 Qxf4 32. Rxf4 Rxb2 33. Bxc6 Rd6 34. Bg2 g5 35. Rf3 Kg7 36. Re1 Ne6 37. Rf5 Nf4 38. Bf3 Re6 39. Bg4 0-1

[Event "*** Titled Tuesday Blitz"]
[Site "Chess.com"]
[Date "2020.02.04"]
[Round "1"]
[White "swayamsm"]
[Black "KhazarBabazada"]
[Result "0-1"]
[WhiteElo "2506"]
[BlackElo "2939"]
[TimeControl "180+2"]
[EndTime "9:08:05 PST"]
[Termination "KhazarBabazada won by resignation"]

1. d4 Nf6 2. Nf3 g6 3. Bg5 Bg7 4. Nbd2 d5 5. e3 O-O 6. c3 c5 7. Bd3 Nc6 8. dxc5 Nd7 9. Nb3 h6 10. Bh4 a5 11. a4 g5 12. Bg3 f5 13. h4 f4 14. hxg5 fxg3 15. gxh6 gxf2+ 16. Kf1 Bf6 17. Bc2 Nde5 18. Nbd4 Kh8 19. Nh4 e6 20. Qh5 Bd7 21. Ng6+ Nxg6 22. Qxg6 Qe7 23. Nf3 Rg8 24. Qh5 Raf8 25. Kxf2 Ne5 26. Rag1 Ng4+ 27. Ke2 Qxc5 28. Nd4 Rg5 29. Qh4 e5 30. Rf1 exd4 31. Qxg5 Bxg5 0-1

[Event "*** Titled Tuesday Blitz"]
[Site "Chess.com"]
[Date "2020.02.04"]
[Round "1"]
[White "Funkmaus"]
[Black "mitrabhaa"]
[Result "0-1"]
[WhiteElo "2155"]
[BlackElo "2600"]
[TimeControl "180+2"]
[EndTime "9:08:05 PST"]
[Termination "mitrabhaa won by resignation"]

1. d4 Nf6 2. Nf3 e6 3. g3 c5 4. c3 b6 5. Bg2 Bb7 6. O-O Be7 7. Bf4 O-O 8. Nbd2 d6 9. Qc2 Nbd7 10. Rad1 Rc8 11.
Qb1 Qc7 12. Bg5 h6 13. Bxf6 Nxf6 14. e4 cxd4 15. Nxd4 Qb8 16. Rfe1 Qa8 17. Qd3 Rfd8 18. Qe3 a6 19. h3 b5 20. a3 Nd7 21. Kh2 Nc5 22. f4 Bf8 23. Re2 e5 24. Nf5 g6 25.
Nh4 exf4 26. gxf4 Re8 27. e5 dxe5 28. fxe5 Bg7 29. Ndf3 Re7 30. Rd6 Ne4 31. Red2 Nxd6 32. Rxd6 Qb8 33. Qd4 Rce8 34. Kg1 Rxe5 35. Nxe5 Bxe5 36.
Rxg6+ fxg6 37. Bd5+ Kh7 38. Qg4 Bh2+ 39. Kf2 Qg3+ 40.
Qxg3 Bxg3+ 0-1

[Event "*** Titled Tuesday Blitz"]
[Site "Chess.com"]
[Date "2020.02.04"]
[Round "1"]
[White "Witik"]
[Black "saraswathii"]
[Result "1-0"]
[WhiteElo "2591"]
[BlackElo "2150"]
[TimeControl "180+2"]
[EndTime "9:08:06 PST"]
[Termination "Witik won by resignation"]

1. d4 Nc6 2. Nf3 d5 3. c4 Nf6 4.
cxd5 Qxd5 5. Nc3 Qh5 6. d5 Ne5 7. Bf4 Nxf3+ 8. exf3 c6 9. g4 Qh4 10. Qd2 h6 11. O-O-O Bd7 12. dxc6 Bxc6 13. Nb5 Nd5 14.
Bc4 e6 15. Bxd5 Bxb5 16. Bxb7 Rd8 17. Qa5 Bd7 18. Bc7 Be7 19. Bxd8 Bxd8 20. Qd2 Ba4 21. b3 e5 22. Qxd8+ Qxd8 23. Rxd8+ Kxd8 24. bxa4 Kc7 25. Bd5 f6 26. Be4 Kb6 27. Rd1 Rc8+ 28. Kb2 Rc7 29. Kb3 Ka5 30. Rd5+ Ka6 31. Rb5 Rd7 32.
h4 Rc7 33. h5 Rd7 34. Kb4 Rd4+ 35. Kb3 Rd7 36. a3 Rc7 37. Bd3 Rf7 38. Rb8+ Ka5 39. Rb5+ Ka6 40. Rxe5+ Kb6 41. a5+ Kc7 42. Rb5 Rd7 43.
Be4 Rd2 44. Rb7+ Kd6 45. Rxa7 Rxf2 46. Rxg7 Ke5 47. a6 1-0

[Event "*** Titled Tuesday Blitz"]
[Site "Chess.com"]
[Date "2020.02.04"]
[Round "1"]
[White "Majkelopulos"]
[Black "severomorskij"]
[Result "0-1"]
[WhiteElo "2466"]
[BlackElo "2869"]
[TimeControl "180+2"]
[EndTime "9:08:13 PST"]
[Termination "severomorskij won by checkmate"]

1. e4 c5 2. Ne2 Nc6 3. g3 d5 4.
Bg2 dxe4 5. Bxe4 Nf6 6. Bg2 Bg4 7. h3 Bh5 8. g4 Bg6 9. Nbc3 e6 10. d3 Bd6 11. Be3 O-O 12. Qd2 Qd7 13. Nf4 Bxf4 14. Bxf4 Nd5 15. Bg3 Nd4 16. Nxd5 exd5 17. O-O f5 18. c3 Ne6 19. Be5 f4 20. f3 d4 21.
c4 Rae8 22. Rae1 h6 23. h4 Bh7 24. Bh3 g5 25. Rf2 gxh4 26. Rfe2 Ng5 27. Bg2 h3 28.
Bh1 Qf7 29. Bd6 Re3 30. Bxc5 Rd8 31. Rxe3 dxe3 32. Qa5 b6 33. Bxb6 axb6 34. Qxb6 Ne6 35. c5 Rxd3 36. c6 Rd2 37. Rc1 e2 38. Qb8+ Kg7 39.
Qe5+ Qf6 40. Qc5 Rd1+ 41. Kf2 e1=Q# 0-1

[Event "*** Titled Tuesday Blitz"]
[Site "Chess.com"]
[Date "2020.02.04"]
[Round "1"]
[White "vladimirdamjanovic"]
[Black "killer311"]
[Result "1-0"]
[WhiteElo "2619"]
[BlackElo "2213"]
[TimeControl "180+2"]
[EndTime "9:08:14 PST"]
[Termination "vladimirdamjanovic won by resignation"]

1. d4 d5 2. c4 c6 3. Nf3 Nf6 4. Nbd2 g6 5. e3 Bg7 6. b3 O-O 7. Bb2 Bf5 8. Be2 h5 9. O-O Nbd7 10. cxd5 cxd5 11. Ne5 Ne4 12. Ndf3 Rc8 13. Rc1 Qa5 14. a3 Nc3 15. Qe1 Nxe2+ 16. Qxe2 f6 17. Nxd7 Bxd7 18. Nh4 Bb5 19. Qe1 Qxe1 20. Rfxe1 Kf7 21. Nf3 Ke6 22. e4 Rxc1 23. exd5+ Kxd5 24. Rxc1 Bc6 25. Nd2 Rd8 26.
Nc4 Bb5 27. Ne3+ Ke4 28. a4 Bc6 29. Re1 Kd3 30. Rd1+ Ke4 31. Nc4 f5 32. f3+ Kd5 33. Re1 Bxd4+ 34. Bxd4 Kxd4 35. Rd1+ Kc3 36. Rxd8 Kxb3 37.
Na5+ Kxa4 38. Nxc6 bxc6 39. Rd7 c5 40. Rxa7+ Kb3 41.
Rxe7 c4 42. Rb7+ Ka2 43. Kf2 c3 44. Ke2 c2 45. Kd2 1-0

[Event "*** Titled Tuesday Blitz"]
[Site "Chess.com"]
[Date "2020.02.04"]
[Round "1"]
[White "GianmarcoVaR"]
[Black "Kostina_Nadezhda"]
[Result "1-0"]
[WhiteElo "2609"]
[BlackElo "2187"]
[TimeControl "180+2"]
[EndTime "9:08:16 PST"]
[Termination "GianmarcoVaR won by resignation"]

1. d4 d5 2. c4 e6 3. Nf3 c6 4. Qc2 Nf6 5. g3 Be7 6. Bg2 Kf8 7. O-O Kg8 8. Nbd2 g6 9. e4 dxe4 10. Nxe4 Kg7 11. Bf4 Nxe4 12. Qxe4 Nd7 13. d5 exd5 14. cxd5 Nf6 15. Be5 Qxd5 16. Qe3 Qc5 17. Bd4 Qd6 18. Rfe1 Re8 19. Rad1 Bg4 20. Be5 Qe6 21. Ng5 Qxa2 22.
Rd4 Be6 23. Rf4 h6 24. Ne4 Bf5 25. Nxf6 Bxf6 26. Bxf6+ Kh7 27. Qxe8 Rxe8 28. Rxe8 Qb1+ 29. Bf1 g5 30. Rxf5 Qxf5 31. Bc3 b5 32. Bg2 a5 33.
Be4 Qxe4 34. Rxe4 1-0

[Event "*** Titled Tuesday Blitz"]
[Site "Chess.com"]
[Date "2020.02.04"]
[Round "1"]
[White "Raspadsistema"]
[Black "OhanyanEminChess"]
[Result "0-1"]
[WhiteElo "2813"]
[BlackElo "2455"]
[TimeControl "180+2"]
[EndTime "9:08:24 PST"]
[Termination "OhanyanEminChess won by resignation"]

1. e4 e5 2. Nf3 Nc6 3. Bc4 Nf6 4.
d3 Bc5 5. c3 d6 6. O-O a6 7.
Re1 Ba7 8. Bb3 Qe7 9. Nbd2 Be6 10. Nf1 h6 11. Ng3 Ng4 12. d4 Bxb3 13. Qxb3 O-O-O 14. h3 h5 15. Nf5 Qd7 16. hxg4 hxg4 17. Ng5 g6 18.
Ng3 Rdf8 19. d5 Nd8 20. c4 f6 21. Ne6 Nxe6 22. dxe6 Qxe6 23. Be3 Bxe3 24. Qxe3 f5 25. f4 gxf3 26. Qxf3 f4 27. Nh1 g5 28. Nf2 Rh4 29. g4 Qxc4 30. Rac1 Qxa2 31. Qc3 Qf7 32. Red1 Qd7 33.
Qb4 Kb8 34. Rc3 Rxg4+ 35. Kf1 Rh4 36. Rdc1 Rc8 37. Rb3 Qb5+ 38. Qxb5 axb5 39. Rxb5 g4 40. Kg2 Rch8 41. Rh1 f3+ 42. Kg1 g3 43. Rxh4 gxf2+ 44. Kxf2 Rxh4 45. Kxf3 c6 46. Rb3 Rh3+ 0-1

[Event "*** Titled Tuesday Blitz"]
[Site "Chess.com"]
[Date "2020.02.04"]
[Round "1"]
[White "KRASAVCHIK2002"]
[Black "obliviate12"]
[Result "1-0"]
[WhiteElo "2507"]
[BlackElo "2872"]
[TimeControl "180+2"]
[EndTime "9:08:26 PST"]
[Termination "KRASAVCHIK2002 won by resignation"]

1. e4 c5 2. Nf3 d6 3. Bb5+ Nd7 4. d4 cxd4 5. Qxd4 a6 6. Bxd7+ Qxd7 7. c4 Qc6 8. Nc3 e5 9. Qd3 Be6 10. b3 Rc8 11. a4 g6 12. Ba3 Be7 13. O-O f5 14.
Rad1 Nf6 15. Nd5 fxe4 16. Nxf6+ Bxf6 17. Qe3 Rd8 18. Ng5 Bf5 19. g4 Bxg4 20. Nxe4 Bxd1 21. Nxf6+ Kf7 22. Nd5 Bh5 23. f4 e4 24. Qxe4 Rhe8 25. Qd4 Re6 26. f5 Re5 27. fxg6+ Kxg6 28. Qh4 Rg5+ 29. Kh1 Rxd5 30. cxd5 Qxd5+ 31. Kg1 Qg5+ 32. Qxg5+ Kxg5 33. Kg2 d5 34. Be7+ Kg6 35. Bxd8 d4 36. Rf6+ Kg7 37. Rb6 d3 38. Rxb7+ Kf8 39. Rd7 Bg6 40. Bg5 Ke8 41. Rd4 Kf7 42. Kf2 Ke6 43.
Ke3 Ke5 44. Bf4+ 1-0

[Event "*** Titled Tuesday Blitz"]
[Site "Chess.com"]
[Date "2020.02.04"]
[Round "1"]
[White "Gordima"]
[Black "Gahan-MG"]
[Result "1/2-1/2"]
[WhiteElo "2794"]
[BlackElo "2431"]
[TimeControl "180+2"]
[EndTime "9:08:28 PST"]
[Termination "Game drawn by agreement"]

1. d4 Nf6 2. c4 e5 3. dxe5 Ng4 4. Nf3 Bc5 5. e3 Nc6 6. Nbd2 Ngxe5 7. Be2 O-O 8. O-O Re8 9. a3 a5 10. b3 Nxf3+ 11.
Nxf3 Ne5 12. Bb2 Nxf3+ 13. gxf3 Ra6 14. Kh1 Rg6 15. Bd3 Rh6 16. Rg1 Bf8 17. Rg3 Qh4 18. Qg1 g6 19. Rg4 Qh3 20. Qg3 Bd6 21. Qxh3 Rxh3 22. f4 h5 23. Rg3 Rxg3 24. hxg3 Bf8 25. f5 Bg7 26. Bxg7 Kxg7 27. fxg6 fxg6 28. b4 Re5 29. c5 b6 30. cxb6 cxb6 31. Rc1 Bb7+ 32. Kg1 Bc6 33. Kf1 Kf6 34. Ke2 g5 35. f4 gxf4 36.
gxf4 Re8 37. Rg1 Rh8 38. Rg6+ Ke7 39. Kf2 h4 40. Kg1 h3 41. Kh2 Bg2 42. Bf5 axb4 43.
axb4 Rh5 44. Bg4 Rb5 45. Rg7+ Kf6 46. Rxd7 Rxb4 47. Bxh3 Bxh3 48. Kxh3 Rb3 49. Kg4 Rxe3 1/2-1/2

[Event "*** Titled Tuesday Blitz"]
[Site "Chess.com"]
[Date "2020.02.04"]
[Round "1"]
[White "Eraschenkov"]
[Black "SHIVACalypso"]
[Result "1/2-1/2"]
[WhiteElo "2605"]
[BlackElo "2218"]
[TimeControl "180+2"]
[EndTime "9:08:33 PST"]
[Termination "Game drawn by repetition"]

1. c4 Nf6 2. Nc3 e5 3. g3 g6 4. Bg2 Bg7 5. e4 O-O 6. Nge2 Nc6 7. O-O Nd4 8. Nxd4 exd4 9. Ne2 c5 10. d3 d6 11. h3 a6 12. f4 Rb8 13. a4 b5 14.
axb5 axb5 15. b3 bxc4 16. bxc4 Nd7 17. g4 f5 18. exf5 gxf5 19. g5 Bb7 20. Ng3 Bxg2 21. Kxg2 Nb6 22. Ra7 Nc8 23. Ra2 d5 24. Qf3 dxc4 25.
dxc4 Qd7 26. Ba3 Qd6 27. Qd5+ Qxd5+ 28. cxd5 Rd8 29. Bxc5 Rxd5 30. Rc1 d3 31. Be3 Nd6 32. Rc7 Rb2+ 33. Rxb2 Bxb2 34. Nf1 Ne4 35. Nd2 Bd4 36. Kf3 Bxe3 37. Kxe3 Nxd2 38. Kxd2 Rd4 39. Rc8+ Kg7 40. Rc7+ Kg6 41. Rc6+ Kg7 42. Rc7+ Kg6 43. Rc6+ Kg7 44.
Rc7+ 1/2-1/2

[Event "*** Titled Tuesday Blitz"]
[Site "Chess.com"]
[Date "2020.02.04"]
[Round "1"]
[White "Hydrargyrum_Girl"]
[Black "Atanejhad"]
[Result "0-1"]
[WhiteElo "2165"]
[BlackElo "2603"]
[TimeControl "180+2"]
[EndTime "9:08:36 PST"]
[Termination "Atanejhad won by resignation"]

1. e4 e5 2. Bc4 Nf6 3. d3 c6 4. Nf3 d6 5. h3 Be7 6. O-O O-O 7. Bg5 Nbd7 8. Nc3 Re8 9. Re1 Nf8 10. d4 Qc7 11. Bh4 Ng6 12. Bg3 h6 13. Qd2 Nh5 14.
Rad1 Nxg3 15. fxg3 exd4 16. Nxd4 Ne5 17. Bb3 Bg5 18. Qf2 b5 19. Nf3 Bf6 20. g4 Be6 21. Ne2 Nxf3+ 22. Qxf3 Bxb2 23. c3 Ba3 24. Kh1 a5 25. Nf4 a4 26. Nxe6 fxe6 27. Bc2 e5 28. Qf5 Rf8 29. Qh5 Qe7 30. Rf1 Bb2 31. Qg6 Rad8 32.
Rxf8+ Qxf8 33. Qe6+ Qf7 34. Qxf7+ Kxf7 35. Rd3 Ke6 36.
Kg1 Rf8 37. Bd1 d5 38. Bf3 d4 39. cxd4 exd4 40. Rd1 c5 41. Rb1 a3 42. Kf2 c4 43.
Ke2 Ke5 44. Rd1 Rd8 45. Kd2 Kf4 46. Kc2 d3+ 47. Kd2 c3+ 48. Ke1 c2 0-1